 Dungeon Crawl Stone Soup version 0.29.1-15-g9cfb28693d (webtiles) character file.

Game seed: 6325518707767477797

547 PriceMaster the Sneak (level 7, -1/42 HPs)
             Began as an Octopode Fire Elementalist on Apr 14, 2023.
             Slain by an orc
             ... wielding a +0 morningstar
              (6 damage)
             ... on level 5 of the Dungeon.
             The game lasted 00:10:18 (6156 turns).

PriceMaster the Sneak (Octopode Fire Elementalist)  Turns: 6156, Time: 00:10:19

Health: -1/42      AC:  1    Str:  8    XL:     7   Next: 28%
Magic:  8/12       EV: 13    Int: 19    God:
Gold:   226        SH:  0    Dex: 12    Spells: 7/13 levels left

rFire   . . .      SeeInvis .   s - +4 quarterstaff (chaos)
rCold   . . .      Faith    .   (shield currently unavailable)
rNeg    . . .      Spirit   .   (helmet restricted)
rPois   .          Reflect  .   (no amulet)
rElec   .          Harm     .   (no ring)
rCorr   .          Rampage  .   (no ring)
Will    .....                   (no ring)
Stlth   ++++......              (no ring)
HPRegen 0.14/turn               (no ring)
MPRegen 0.13/turn               (no ring)
                                (no ring)
                                (no ring)

@: mighty, brilliant, hasted, very quick
A: almost no armour, amphibious, 8 rings, camouflage 1, gelatinous body 1,
(nimble swimmer 1), tentacles
a: no special abilities


You were on level 5 of the Dungeon.
You visited 1 branch of the dungeon, and saw 5 of its levels.

You collected 226 gold pieces.

Inventory:

Hand Weapons
 f - a +0 dagger
 n - a +0 hammer of venom
 s - a +4 quarterstaff of chaos (weapon)
 v - a +0 mace of holy wrath
 w - a +3 dagger
Missiles
 c - 3 throwing nets
Armour
 k - a +0 kite shield
 t - a +0 cloak
Jewellery
 i - a ring of protection from fire
 y - a +6 ring of dexterity
Wands
 a - a wand of charming (7)
Scrolls
 e - a scroll of immolation {unknown}
 g - 2 scrolls of magic mapping
 h - a scroll of poison {unknown}
 j - a scroll of torment
 o - a scroll of enchant weapon {unknown}
 q - a scroll of summoning {unknown}
 r - a scroll of vulnerability {unknown}
 u - a scroll of enchant armour {unknown}
Potions
 m - a potion of heal wounds {unknown}
 p - a potion of attraction {unknown}
 x - a potion of degeneration {unknown}
 z - a potion of ambrosia {unknown}
 B - a potion of mutation {unknown}


   Skills:
 + Level 0.6 Fighting
 + Level 1.4 Short Blades
 + Level 1.2 Staves
 + Level 2.1 Dodging
 * Level 5.8 Stealth
 + Level 3.8 Spellcasting
 + Level 3.1 Conjurations
 + Level 4.4 Fire Magic


You had 7 spell levels left.
You knew the following spells:

 Your Spells              Type           Power      Damage    Failure   Level
a - Foxfire               Conj/Fire      100%       2x1d9     3%          1
b - Scorch                Fire           62%        2d8       3%          2
c - Conjure Flame         Conj/Fire      27%        6-21      9%          3

Your spell library contained the following spells:

 Spells                   Type           Power      Damage    Failure   Level
 Inner Flame              Hex/Fire       18%        N/A       17%         3
 Ensorcelled Hibernation  Hex/Ice        10%        N/A       22%         2
 Passwall                 Tmut/Erth      4%         N/A       22%         2
 Flame Wave               Conj/Fire      27%        2d9       28%         4
 Swiftness                Air            5%         N/A       38%         3


Dungeon Overview and Level Annotations

Branches:
Dungeon (5/15)
 Temple: D:4-7

Altars:
Trog

Shops:
D:2 (


Innate Abilities, Weirdness & Mutations

You cannot wear most types of armour.
You are amphibious.
You can wear up to eight rings at the same time.
Your skin changes colour to match your surroundings (Stealth+).
Your rubbery body absorbs attacks. (AC +1, EV +1)
((You are camouflaged when in or above water. (Stealth+)))
You have tentacles for arms and can constrict up to eight enemies at once.


Message History

You feel clever all of a sudden. The orc wizard casts a spell at you.
You are more confused.
You are too injured to fight recklessly!
It was a potion of might.
You feel very mighty all of a sudden.
You barely miss the orc wizard.
The orc wizard is severely wounded.
The orc wizard hits you with a +0 dagger.
The orc wizard gestures at you while chanting.
You are more confused.
You thump the orc wizard!
You kill the orc wizard!
The orc closely misses you.
The orc hits you from afar with a +0 trident.
The orc wizard gestures wildly while chanting.
The orc wizard flickers and vanishes!
Deactivating autopickup; reactivate with Ctrl-A.
It was a potion of curing.
You feel better.
You sock something!
Reactivating autopickup.
You feel a bit more experienced. The orc closely misses you.
The orc hits you from afar with a +0 trident.
Casting: Foxfire (safe; 3% risk of failure)
Confirm with . or Enter, or press ? or * to list all spells.
You feel a surge of power!
Flames lash the orc but do no damage.
The orc barely misses you.
The orc hits you from afar with a +0 trident.
Casting: Scorch (safe; 3% risk of failure)
Confirm with . or Enter, or press ? or * to list all spells.
You feel a surge of power!
Flames lash the orc.
The orc is moderately wounded.
The orc's fire resistance burns away.
The orc hits you with a +0 morningstar!
* * * LOW HITPOINT WARNING * * *
The orc misses you.
You remove your ring of protection from fire.
As you read the scroll labelled CANOXZ CUOM, it crumbles to dust.
You feel aware of your surroundings.
It was a scroll of magic mapping.
The orc hits you with a +0 morningstar.
You die...

**,,*,,,,,,,*..#*#.,#..##.#
,,,***,,,,,*##.....##...#.#######
,,,,*,,***,.#.......#...#........
,,,,,,,,*.,,............#########
,,,*,,,,,.(,,#.....#....# #
,,**,,,,,...,##...##..#.# #
,,,*,,,,,....#.....#..#.# #
,,,,,,,,*...!.$.........# #
,,,,*,,***,,#..)@...#.#.# #
,,,***,,,,,*##oo)..##..># #
**,,*,,,,,,,#..###.##.### #
*,,,,,,,,,.....,*####.# #
,,,,,*,,,..#..,,,* #.# #
,,,,,**,,.*#..,,,* #.# #
,,,,,*,,,,,#.,,,,* #.# #
*,,,,,,,,,,..,,,** #.# #
**,,*,,,,,,,*,,** #.# #


You could see 2 orcs.

Vanquished Creatures
  Sigmund (D:3)
  A necrophage (D:5)
  A scorpion (D:4)
  Crazy Yiuf (D:2)
  Terence (D:3)
  2 orc wizards (D:5)
  5 adders
  2 ufetubi
  2 worms
  6 dart slugs
  7 orcs
  7 bats
  5 endoplasms
  6 giant cockroaches
  6 goblins
  4 hobgoblins
  7 ball pythons
  6 frilled lizards
  9 kobolds
  5 rats
84 creatures vanquished.

Vanquished Creatures (others)
  234 foxfires
234 creatures vanquished.

Grand Total: 318 creatures vanquished

Notes
Turn   | Place    | Note
-------+----------+-------------------------------------------
     0 | D:1      | PriceMaster the Octopode Fire Elementalist began the quest
                  | for the Orb.
     0 | D:1      | Reached XP level 1. HP: 11/11 MP: 3/3
   366 | D:1      | Reached XP level 2. HP: 17/17 MP: 0/5
   829 | D:1      | Reached skill level 3 in Stealth
  1275 | D:2      | Reached XP level 3. HP: 20/21 MP: 0/6
  1856 | D:2      | Found Umnen's Weapon Shoppe.
  1987 | D:2      | Found a bloodstained altar of Trog.
  2026 | D:2      | Found a faded altar of an unknown god.
  2156 | D:2      | Found a runed translucent door.
  2157 | D:2      | Noticed Crazy Yiuf
  2794 | D:2      | Learned a level 2 spell: Scorch
  2803 | D:2      | Killed Crazy Yiuf
  2804 | D:2      | Reached skill level 1 in Short Blades
  2804 | D:2      | Reached XP level 4. HP: 5/27 MP: 3/7
  3472 | D:3      | Noticed Terence
  3480 | D:3      | Killed Terence
  3481 | D:3      | Reached skill level 4 in Stealth
  3481 | D:3      | Reached XP level 5. HP: 23/32 MP: 1/8
  3628 | D:3      | Learned a level 3 spell: Conjure Flame
  4290 | D:3      | Noticed Sigmund
  4298 | D:3      | Killed Sigmund
  4299 | D:3      | Reached skill level 5 in Stealth
  4299 | D:3      | Reached XP level 6. HP: 34/37 MP: 2/10
  4733 | D:4      | Reached skill level 1 in Staves
  5778 | D:5      | Entered Level 5 of the Dungeon
  5855 | D:5      | Reached XP level 7. HP: 21/42 MP: 2/12
  6156 | D:5      | Slain by an orc

Illustrated notes

Levels and vault maps discovered:
D:1:      dpeg_arrival_arbitrary_a, layout_loops_ring, kennysheep_nondescript,
          hangedman_decor_diamond_cutter, minmay_stone_trees_small
D:2:      layout_loops_ring, basic_altar, serial_shops,
          nicolae_shop_hallway_plus, ebering_ecumenical_altar_petrified,
          minmay_cupped, uniq_crazy_yiuf_cottage
D:3:      layout_basic, chequers_serial_rivers_room_b, uniq_terence,
          uniq_sigmund
D:4:      layout_basic
D:5:      nicolae_cairo_tiling_large_dashed, layout_basic,
          ebering_ghost_inner_flame

Skill      XL: |  1  2  3  4  5  6 |
---------------+-------------------+-----
Stealth        | 3 4 5 |  5.8
Conjurations   | 2 3 |  3.1
Short Blades   | 1 |  1.4
Spellcasting   | 3 |  3.8
Fire Magic     | 4 |  4.4
Staves         | 1 |  1.2
Fighting       | |  0.6
Dodging        | |  2.1

Action                   |  1- 3 |  4- 6 |  7- 9 || total
-------------------------+-------+-------+-------++-------
Melee: Unarmed           |     6 |       |       ||     6
       Tentacles         |    12 |     4 |       ||    16
       Constrict         |     7 |     6 |       ||    13
       Dagger            |    27 |       |       ||    27
       Mace              |     4 |       |       ||     4
       Quarterstaff      |       |    21 |     6 ||    27
 Cast: Foxfire           |    84 |    78 |     4 ||   166
       Scorch            |     1 |    17 |     2 ||    20
       Conjure Flame     |       |     4 |       ||     4
  Use: Potion            |     1 |     1 |     4 ||     6
       Scroll            |     1 |       |     1 ||     2
 Stab: Sleeping          |     2 |     2 |       ||     4
Armor: Skin              |     4 |     1 |       ||     5
Dodge: Dodged            |    19 |    24 |    16 ||    59
Block: Kite shield       |     7 |       |       ||     7
